 Dungeon Crawl Stone Soup version 0.17.1-2-g5865329 (webtiles) character file.

298302 Totoro the Warrior (level 20, -6/140 HPs)
             Began as a Gargoyle Gladiator on Jan 7, 2016.
             Was the Champion of Okawaru.
             Shot with an arrow by a deep elf master archer (20 damage)
             ... on level 3 of the Elven Halls on Jan 12, 2016.
             The game lasted 15:48:07 (38988 turns).

Totoro the Warrior (Gargoyle Gladiator)            Turns: 38988, Time: 15:48:09

Health: -6/140     AC: 65    Str: 24    XL:     20   Next: 96%
Magic:  26/26      EV: 26    Int: 16    God:    Okawaru [******]
Gold:   1699       SH: 18    Dex: 22    Spells: 0 memorised, 19 levels left

rFire  . . .     SeeInvis .     B - +7 morningstar (protect)
rCold  + . .     Rnd*Rage +     N - +9 plate armour of the Pink Corner {Regen+}
rNeg   + . .     SustAt   .     y - +0 shield {reflect}
rPois  ∞         Gourm    .     Y - +0 helmet of Vuymuc {*Corrode rElec rPois Dex+3 Slay+2}
rElec  +         Spirit   .     q - +2 cloak {MR+}
rCorr  .         Warding  .     S - +2 pair of gloves {archery}
rMut   .         Stasis   .     R - +2 pair of boots {run}
MR     ++...                    k - amulet of faith
Stlth  ..........               M - +6 ring of dexterity
                                Q - +5 ring of evasion

@: silence, heroism, quick, very resistant to hostile enchantments, extremely
unstealthy
A: big wings, talons 1, icy blue scales 1, rugged brown scales 1, camouflage 1,
berserk 1, clever 2, cold resistance 1, negative energy resistance 1, sense
surroundings 1, electricity resistance, spit poison 2, strong 1, unbreathing,
evolution 1, petrification resistance, rot immunity, AC +15
a: Spit Poison, Fly, Renounce Religion
}: 2/15 runes: barnacled, gossamer


You were on level 3 of the Elven Halls.
You worshipped Okawaru.
Okawaru was exalted by your worship.
You were not hungry.

You visited 7 branches of the dungeon, and saw 39 of its levels.
You visited the Abyss 3 times.
You visited 1 bazaar.
You also visited: Ice Cave.

You collected 3676 gold pieces.
You spent 1271 gold pieces at shops.

Inventory:

Hand Weapons
 n - a +1 antimagic demon whip
 B - a +7 morningstar of protection (weapon)
Missiles
 J - 38 javelins of returning
 L - 9 throwing nets (quivered)
Armour
 q - a +2 cloak of magic resistance (worn)
 y - a +0 shield of reflection (worn)
 N - the +9 plate armour of the Pink Corner (worn) {Regen+}
   (You found it on level 3 of the Spider Nest)

   It increases your rate of regeneration.
 R - a +2 pair of boots of running (worn)
 S - a +2 pair of gloves of archery (worn)
 Y - the +0 helmet of Vuymuc (worn) {*Corrode rElec rPois Dex+3 Slay+2}
   (You found it on level 2 of the Lair of Beasts)

   It affects your dexterity (+3).
   It affects your accuracy and damage with ranged weapons and melee attacks
   (+2).
   It insulates you from electricity.
   It protects you from poison.
   It may corrode your equipment when you take damage.
Rods
 m - a +2 rod of destruction (13/13)
   (You found it on level 4 of the Spider Nest)
Jewellery
 k - an amulet of faith (around neck)
 H - an uncursed amulet of resist mutation
 M - a +6 ring of dexterity (right hand)
 O - an uncursed amulet of regeneration
 Q - a +5 ring of evasion (left hand)
Wands
 h - a wand of digging (10)
 w - a wand of cold (14)
 A - a wand of teleportation (1)
 C - a wand of slowing (29)
 F - a wand of paralysis (16)
 G - a wand of fire (2)
 U - a wand of draining (10)
 Z - a wand of disintegration (6)
Scrolls
 a - 5 scrolls of fog
 d - 10 scrolls of teleportation
 s - 6 scrolls of blinking
 t - 13 scrolls of remove curse
 v - 3 scrolls of identify
 D - 5 scrolls of magic mapping
 E - 5 scrolls of fear
Potions
 f - 9 potions of haste
 g - a potion of resistance
 i - 2 potions of berserk rage
 l - 5 potions of ambrosia
 o - 7 potions of agility
 x - 4 potions of might
 I - 2 potions of invisibility
 V - 4 potions of cure mutation
 W - a potion of heal wounds
 X - 2 potions of curing
Miscellaneous
 j - a fan of gales
 r - a legendary deck of summoning {drawn: 4}
 u - a disc of storms
 z - a box of beasts {used: 4}
 T - a plain deck of wonders
Comestibles
 b - 25 meat rations
 c - 4 chunks of flesh
 e - 17 bread rations
 K - 16 fruits


   Skills:
 + Level 17.7(22.7) Fighting
 + Level 16.8(21.8) Maces & Flails
 - Level 4.0(9.0) Throwing
 + Level 17.5(22.5) Armour
 + Level 11.5(16.5) Dodging
 - Level 1.0(6.0) Stealth
 + Level 17.5(22.5) Shields
 - Level 8.0 Invocations
 - Level 5.7 Evocations


You had 19 spell levels left.
You didn't know any spells.

Dungeon Overview and Level Annotations

Branches:
Dungeon (15/15)            Temple (1/1) D:4            Lair (8/8) D:8
 Shoals (4/4) Lair:5       Spider (4/4) Lair:4        Slime (0/6) Lair:8
    Orc (4/4) D:12            Elf (3/3) Orc:4        Vaults (0/5) D:14
 Depths (0/5) D:15

Altars:
Ashenzari
Cheibriados
Dithmenos
Elyvilon
Fedhas
Gozag
Kikubaaqudgha
Makhleb
Nemelex Xobeh
Okawaru
Qazlal
Ru
Sif Muna
Trog
Vehumet
Xom
Yredelemnul
Zin
The Shining One
Beogh

Shops:
Orc:1 *   Orc:3 =   Orc:4 (??[


Innate Abilities, Weirdness & Mutations

You are resistant to torment.
Your stone body is resilient (AC +15).
You are immune to poison.
Your large and strong wings let you fly indefinitely.
You resist negative energy.
You are resistant to electric shocks.
You can survive without breathing.
You are immune to petrification.
You are immune to rotting.
You have sharp toenails.
You are partially covered in icy blue scales (AC +1).
You are partially covered in rugged brown scales (AC +1, +3% HP).
Your skin changes colour to match your surroundings (Stealth).
You tend to lose your temper in combat.
Your mind is very acute. (Int +4)
Your flesh is cold resistant.
You passively map a small area around you.
You can spit poison.
Your muscles are strong. (Str +2)
You evolve.


Message History

You block the smoke demon's attack. The smoke demon misses you.
You block the smoke demon's attack.
The deep elf sorcerer completely misses you.
A crawling corpse merges with a small abomination to form a large abomination.
The deep elf sorcerer casts a spell.
The ice devil misses you.
You sock the deep elf annihilator!
The deep elf annihilator is lightly wounded.
The ice devil burns!
The deep elf demonologist hits you but does no damage.
The orange demon stings you but does no damage.
You block the deep elf sorcerer's attack.
You block the deep elf annihilator's attack.
The Hell Sentinel misses you. The Hell Sentinel hits you!
* * * LOW HITPOINT WARNING * * *
The red devil completely misses you.
The deep elf master archer wields a longbow.
The deep elf master archer shoots an arrow.
The arrow hits you!!
You die...

##...## , ##.....##
* * ##.....(.## , ,
#....e.).)## ,
*#(...e44Xe3o## * ,
#.....§#x4ee4)##* .
, ,
......###ee34e.#...
, * * , , ....#
##3ee4..... * ...,
#ee@13.....* ..,
#ooee3e....#
.....oooo...... , ,
....eee...#.... * ,
..ee.....##*... * ,
* * ...4....## **..
, , * ...4§.... ,.,
......... ** * , ,
*


You could see a Hell Sentinel, 2 deep elf blademasters, a deep elf master
archer, Zorug the orc knight, 7 deep elf annihilators, a deep elf death mage, 5
deep elf sorcerers, a soul eater, an ice devil (burning), an orc high priest
(frenzied), 2 sun demons, 2 deep elf demonologists, 4 orange demons, 2 deep elf
high priests, a large abomination, a hellwing, a rust devil, a sixfirhy, a smoke
demon, a red devil, an orc priest and 4 orcs.

Vanquished Creatures
  Mara (Spider:3)
  Saint Roka (Orc:4)
  A bone dragon (Abyss:2)
  Arachne (Spider:3)
  A tentacled monstrosity (Abyss:2)
  Rupert (Lair:7)
  An Ice Fiend (IceCv)
  A deep elf blademaster (Elf:3)
  A lich (Abyss:1)
  7 tentacled starspawn
  2 krakens
  Frances (D:13)
  Kirke (Shoals:2)
  Roxanne (Spider:1)
  Donald (Elf:2)
  2 deep elf sorcerers (Elf:3)
  3 ghost moths (Spider:4)
  Aizul (Shoals:3)
  Louise (Spider:3)
  4 emperor scorpions (Spider:4)
  An orc warlord (Elf:2)
  A green draconian (Abyss:1)
  Nessos (D:15)
  A deep elf demonologist (Elf:2)
  2 deep elf annihilators (Elf:3)
  6 merfolk javelineers
  13 merfolk impalers
  2 deep elf high priests (Elf:3)
  5 hydras
  An ogre mage (D:14)
  2 entropy weavers (Spider:3)
  2 deep elf death magi (Elf:3)
  7 centaur warriors
  9 merfolk avatars
  Erolcha (D:9)
  A catoblepas (Lair:7)
  15 dancing weapons
  An alligator snapping turtle (Shoals:4)
  3 thrashing horrors
  6 merfolk aquamancers
  A tengu warrior (Shoals:3)
  A satyr (Shoals:3)
  An orc high priest (Orc:4)
  A queen ant (Lair:4)
  A soul eater (Abyss:1)
  Urug (Lair:3)
  3 wretched stars (Abyss:2)
  5 ice devils (IceCv)
  12 skeletal warriors
  2 spatial maelstroms (Abyss:1)
  14 sea snakes
  14 deep elf knights
  5 unseen horrors
  4 deep elf summoners
  5 hill giants
  3 harpies (Shoals:4)
  An oklob plant (Lair:6)
  10 orc knights
  11 deep elf conjurers
  14 orb spiders
  11 ugly things
  8 hornets
  27 wolf spiders
  2 orc sorcerers
  13 manticores
  A sixfirhy (Abyss:1)
  3 fauns (Shoals:3)
  9 griffons
  A cyclops (shapeshifter) (D:15)
  A frost giant zombie (Abyss:2)
  8 water nymphs
  4 moths of wrath
  9 sirens
  15 elephants
  7 black mambas
  8 cyclopes
  A naga mage (D:15)
  An elephant (shapeshifter) (D:15)
  2 worldbinders (Abyss:2)
  2 smoke demons
  A centaur zombie (D:14)
  Psyche (Lair:3)
  4 torpor snails
  10 spiny frogs
  2 gargoyles (D:13)
  An eye of devastation (shapeshifter) (D:15)
  4 fire drakes
  6 komodo dragons
  4 deep elf priests
  A spriggan druid (Lair:8)
  14 demonic crawlers
  A kobold demonologist (D:12)
  10 trolls
  3 tengu conjurers
  6 polar bears (Lair:8)
  4 ancient zymes
  4 freezing wraiths
  24 jumping spiders
  4 anaconda simulacra (IceCv)
  33 merfolk
  Grinder (D:6)
  2 two-headed ogres (D:14)
  6 raiju
  2 wind drakes
  3 blue devils
  A harpy skeleton (D:15)
  3 blink frogs (Lair:5)
  7 slime creatures
  9 snapping turtles
  2 trapdoor spider zombies
  A raiju (shapeshifter) (Elf:3)
  An ettin zombie (Abyss:1)
  18 trapdoor spiders
  33 redbacks
  13 tarantellas
  11 deep elf magi
  A shadow (D:15)
  11 spriggans (Lair:8)
  2 wyverns
  3 dire elephant simulacra (IceCv)
  19 water elementals
  A wraith (D:14)
  A chaos spawn (Abyss:2)
  22 deep elf fighters
  A fire bat (Abyss:2)
  17 soldier ants (Lair:4)
  72 yaks
  2 death yak simulacra (IceCv)
  A neqoxec (Abyss:2)
  6 humans
  5 hungry ghosts
  A spatial vortex (Abyss:1)
  10 vampire mosquitoes
  24 wolves
  20 hippogriffs
  3 wargs
  3 iron troll simulacra (IceCv)
  A mottled dragon (D:11)
  10 small abominations
  11 water moccasins
  53 orc warriors
  An alligator simulacrum (IceCv)
  A harpy simulacrum (IceCv)
  31 spiders
  10 porcupines
  2 hydra simulacra (IceCv)
  5 black bears
  2 ettin simulacra (IceCv)
  30 centaurs
  2 eyes of draining
  6 sky beasts
  6 large abominations
  A necrophage (D:11)
  18 ice beasts
  18 ogres
  4 phantoms
  10 wasps
  29 crocodiles
  2 big kobolds
  2 brain worms (Abyss:1)
  20 giant frogs
  2 scorpions
  20 killer bees
  20 wights
  3 jellies
  5 crimson imps
  A wyvern simulacrum (D:14)
  An electric eel (Lair:5)
  A giant frog zombie (D:11)
  A draconian simulacrum (IceCv)
  3 giant frog skeletons
  12 hounds
  A quasit (Abyss:1)
  An iron imp (Abyss:1)
  22 orc wizards
  7 centaur skeletons
  23 orc priests
  Terence (D:3)
  A polar bear simulacrum (IceCv)
  41 worker ants
  9 iguanas
  31 sheep
  A killer bee zombie (D:4)
  5 troll simulacra (IceCv)
  A centaur simulacrum (IceCv)
  A hound skeleton (D:5)
  2 hound zombies
  A worker ant zombie (D:8)
  14 adders
  7 gnolls
  A naga simulacrum (IceCv)
  A shadow imp (D:6)
  7 ogre simulacra (IceCv)
  4 white imps (IceCv)
  31 river rats
  3 ufetubi
  3 worms
  5 giant geckos
  134 orcs
  3 ball pythons
  4 giant cockroaches
  5 hobgoblins
  21 jackals
  7 quokkas
  13 bats
  5 giant newts
  13 goblins
  4 goblin skeletons (D:4)
  4 hobgoblin zombies (D:4)
  19 kobolds
  2 kobold skeletons (D:4)
  A kobold zombie (D:4)
  An orc skeleton (D:4)
  An orc zombie (D:4)
  3 quokka skeletons
  A quokka zombie (D:6)
  19 rats
  A bush (Lair:6)
  A lurking horror (Abyss:2)
  A plant (Lair:8)
1661 creatures vanquished.

Vanquished Creatures (collateral kills)
  Jorgrun (Spider:2)
  A deep elf demonologist (Elf:3)
  A merfolk javelineer (Shoals:4)
  2 merfolk impalers (Shoals:4)
  A deep elf high priest (Elf:3)
  3 dancing weapons
  A merfolk aquamancer (Shoals:4)
  3 deep elf knights (Elf:2)
  2 deep elf conjurers (Elf:1)
  2 harpies (Shoals:4)
  A siren (Shoals:4)
  3 deep elf priests
  6 merfolk (Shoals:4)
  2 jumping spiders (Spider:3)
  A wind drake (Shoals:4)
  A snapping turtle (Shoals:2)
  2 water elementals (Shoals:4)
  3 deep elf magi
  5 deep elf fighters (Elf:1)
  6 hogs (Shoals:2)
  2 orc warriors (Elf:2)
  A spider (Spider:2)
  A centaur (Shoals:4)
  An electric eel (Elf:3)
  An orc (Elf:2)
  A plant (D:8)
54 creatures vanquished.

Vanquished Creatures (others)
  A deep elf master archer (Elf:3)
  An angel (Abyss:2)
  2 deep elf knights
  2 deep elf magi
  A tarantella (Spider:3)
  An ufetubus (Abyss:2)
  19 fungi
  9 plants
  16 starspawn tentacles
  58 starspawn tentacle segments
  8 tentacles
  75 tentacle segments (Shoals:2)
193 creatures vanquished.

Grand Total: 1908 creatures vanquished

Notes
Turn   | Place    | Note
--------------------------------------------------------------
     0 | D:1      | Totoro the Gargoyle Gladiator began the quest for the Orb.
     0 | D:1      | Reached XP level 1. HP: 12/12 MP: 1/1
    66 | D:1      | Reached XP level 2. HP: 9/17 MP: 2/2
   454 | D:1      | Reached XP level 3. HP: 19/21 MP: 3/3
   747 | D:1      | You fall through a shaft!
   802 | D:2      | Found a faded altar to an unknown god.
   849 | D:2      | Found a white marble altar of Elyvilon.
  1142 | D:2      | Reached XP level 4. HP: 27/27 MP: 4/4
  1291 | D:2      | Reached skill level 1 in Armour
  1704 | D:3      | Reached skill level 4 in Maces & Flails
  1755 | D:3      | Reached XP level 5. HP: 31/31 MP: 5/5
  1793 | D:3      | Noticed Terence
  1809 | D:3      | Killed Terence
  1965 | D:3      | Found a shattered altar of Ashenzari.
  1995 | D:3      | Found a shattered altar of Ashenzari.
  2489 | D:4      | Found a glowing golden altar of the Shining One.
  2529 | D:4      | Noticed an ogre
  2561 | D:4      | Killed an ogre
  2561 | D:4      | Reached XP level 6. HP: 25/37 MP: 6/6
  2666 | D:4      | Found an ancient bone altar of Kikubaaqudgha.
  2824 | D:4      | Found a snail-covered altar of Cheibriados.
  2845 | D:4      | Reached skill level 1 in Stealth
  2938 | D:4      | Found a staircase to the Ecumenical Temple.
  2944 | Temple   | Entered the Ecumenical Temple
  2953 | Temple   | Became a worshipper of Warmaster Okawaru
  3169 | D:4      | Reached XP level 7. HP: 28/42 MP: 7/7
  3358 | D:5      | Entered Level 5 of the Dungeon
  3461 | D:5      | Reached * piety under Okawaru
  3461 | D:5      | Reached skill level 5 in Maces & Flails
  3476 | D:5      | Gained mutation: You evolve. [mutagenic meat]
  3478 | D:5      | Gained mutation: Armour fits poorly on your strangely shaped body. [mutagenic meat]
  3479 | D:5      | Gained mutation: You are resistant to hostile enchantments. [mutagenic meat]
  3965 | D:5      | Reached XP level 8. HP: 48/48 MP: 8/8
  3970 | D:5      | Reached skill level 1 in Shields
  3974 | D:5      | Reached skill level 5 in Dodging
  4164 | D:6      | Found a radiant altar of Vehumet.
  4200 | D:6      | Noticed Grinder
  4225 | D:6      | Killed Grinder
  4225 | D:6      | Reached ** piety under Okawaru
  4225 | D:6      | Reached skill level 5 in Fighting
  4252 | D:6      | Reached skill level 6 in Maces & Flails
  4325 | D:6      | Found a burning altar of Makhleb.
  4900 | D:6      | Reached XP level 9. HP: 55/55 MP: 9/9
  5015 | D:7      | Got an ichor-stained plate armour
  5026 | D:7      | Identified the +9 plate armour of Exkar {rF+} (You found it on level 7 of the Dungeon)
  5032 | D:7      | Lost mutation: Armour fits poorly on your strangely shaped body. [potion of cure mutation]
  5032 | D:7      | Lost mutation: You evolve. [potion of cure mutation]
  5032 | D:7      | Lost mutation: You are resistant to hostile enchantments. [potion of cure mutation]
  5149 | D:7      | Reached *** piety under Okawaru
  5149 | D:7      | Reached skill level 1 in Evocations
  5293 | D:7      | Reached skill level 7 in Maces & Flails
  5835 | D:8      | Reached skill level 5 in Shields
  6203 | D:8      | Reached **** piety under Okawaru
  6203 | D:8      | Reached XP level 10. HP: 63/63 MP: 12/12
  6363 | D:8      | Reached skill level 5 in Armour
  6472 | D:8      | Found a staircase to the Lair.
  6549 | D:8      | Reached skill level 1 in Invocations
  6553 | D:8      | Gained mutation: You are partially covered in icy blue scales (AC +1). [mutagenic meat]
  6554 | D:8      | Gained mutation: You are partially covered in rugged brown scales (AC +1, +3% HP). [mutagenic meat]
  6555 | D:8      | Gained mutation: Your flesh is cold resistant. [mutagenic meat]
  6556 | D:8      | Gained mutation: You evolve. [mutagenic meat]
  6557 | D:8      | Gained mutation: You are dopey. (Int -2) [mutagenic meat]
  6558 | D:8      | Gained mutation: You have sharp toenails. [mutagenic meat]
  6569 | D:8      | Found a shimmering altar of Xom.
  6782 | D:9      | Gained mutation: You can spit weak poison. [evolution]
  6807 | D:9      | Noticed Erolcha
  6816 | D:9      | Killed Erolcha
  6917 | D:9      | Reached ***** piety under Okawaru
  6981 | D:9      | Reached skill level 8 in Maces & Flails
  7288 | D:9      | Gained mutation: You have razor-sharp toenails. [evolution]
  7314 | D:8      | Received a gift from Okawaru
  7514 | D:9      | Identified 2 scrolls of acquirement
  7620 | D:9      | Received a gift from Okawaru
  7694 | D:9      | Found a sacrificial altar of Ru.
  7701 | D:9      | Found a shadowy altar of Dithmenos.
  7898 | D:10     | Entered Level 10 of the Dungeon
  7928 | D:10     | Reached XP level 11. HP: 39/71 MP: 13/13
  8367 | D:10     | Noticed a hill giant
  8383 | D:10     | Killed a hill giant
  8431 | D:10     | Reached skill level 9 in Maces & Flails
  9443 | D:11     | Lost mutation: You are dopey. (Int -2) [evolution]
  9722 | D:11     | Reached ****** piety under Okawaru
  9755 | D:12     | Received a gift from Okawaru
  9830 | D:11     | Reached XP level 12. HP: 72/79 MP: 14/14
  9834 | D:11     | Reached skill level 10 in Fighting
 10045 | D:12     | Found a staircase to the Orcish Mines.
 10066 | D:12     | Killed an unseen horror
 10066 | D:12     | Reached skill level 10 in Maces & Flails
 10362 | D:12     | Received a gift from Okawaru
 10370 | D:12     | Noticed a hill giant
 10375 | D:12     | Killed a hill giant
 10546 | D:12     | Killed an unseen horror
 10546 | D:12     | Received a gift from Okawaru
 10649 | D:12     | Reached skill level 5 in Evocations
 10706 | D:13     | Noticed a centaur warrior
 10724 | D:13     | Killed a centaur warrior
 10750 | D:13     | Noticed Frances
 10767 | D:13     | Killed Frances
 10767 | D:13     | Reached skill level 10 in Shields
 10796 | D:13     | Reached skill level 11 in Fighting
 10796 | D:13     | Reached XP level 13. HP: 84/86 MP: 12/16
 10876 | D:13     | Noticed a centaur warrior
 10900 | D:13     | Killed a centaur warrior
 10951 | D:13     | Reached skill level 10 in Armour
 11135 | D:13     | Reached skill level 5 in Invocations
 11211 | D:13     | Received a gift from Okawaru
 11384 | D:13     | Noticed a centaur warrior
 11389 | D:13     | Killed a centaur warrior
 11666 | D:13     | Received a gift from Okawaru
 12030 | D:14     | Received a gift from Okawaru
 12030 | D:14     | Gained mutation: Your large and strong wings let you fly indefinitely. [Gargoyle growth]
 12030 | D:14     | Reached XP level 14. HP: 90/93 MP: 19/19
 12052 | D:14     | Found a gate to the Vaults.
 12212 | D:14     | Reached skill level 12 in Fighting
 12494 | D:14     | Received a gift from Okawaru
 12911 | D:15     | Entered Level 15 of the Dungeon
 12971 | D:15     | Found a shadowy altar of Dithmenos.
 13019 | D:15     | Found a flickering gateway to a bazaar.
 13028 | Bazaar   | Entered a bazaar
 13046 | Bazaar   | Found Kuimufub's Gadget Shop.
 13057 | Bazaar   | Found Qoobb's Distillery.
 13065 | Bazaar   | Bought a potion of ambrosia for 88 gold pieces
 13065 | Bazaar   | Bought a potion of heal wounds for 55 gold pieces
 13065 | Bazaar   | Bought 2 potions of ambrosia for 176 gold pieces
 13065 | Bazaar   | Bought a potion of heal wounds for 55 gold pieces
 13065 | Bazaar   | Bought a potion of ambrosia for 88 gold pieces
 13077 | Bazaar   | Found Luki's Distillery.
 13085 | Bazaar   | Bought a potion of curing for 27 gold pieces
 13085 | Bazaar   | Bought 2 potions of heal wounds for 90 gold pieces
 13085 | Bazaar   | Bought a potion of curing for 27 gold pieces
 13085 | Bazaar   | Bought a potion of curing for 27 gold pieces
 13085 | Bazaar   | Bought a potion of curing for 27 gold pieces
 13097 | Bazaar   | Found Ubittokh's Gadget Shop.
 13118 | D:15     | Noticed Nessos
 13157 | D:15     | Killed Nessos
 13220 | D:15     | Found a staircase to the Depths.
 14123 | Orc:1    | Entered Level 1 of the Orcish Mines
 14381 | Orc:1    | Found Carcholiw's General Store.
 14413 | Orc:1    | Bought a scroll of identify for 30 gold pieces
 14418 | Orc:1    | Found a burning altar of Makhleb.
 15207 | Orc:2    | Received a gift from Okawaru
 15277 | Orc:3    | Found Osoly's Jewellery Shop.
 15410 | Orc:4    | Entered Level 4 of the Orcish Mines
 15410 | Orc:4    | Found a staircase to the Elven Halls.
 15491 | Orc:4    | Reached XP level 15. HP: 99/99 MP: 21/21
 16195 | Orc:4    | Noticed Saint Roka
 16235 | Orc:4    | Killed Saint Roka
 16235 | Orc:4    | Received a gift from Okawaru
 16235 | Orc:4    | Reached skill level 13 in Fighting
 16246 | Orc:4    | Got a shimmering hat {god gift}
 16280 | Orc:4    | Identified the +0 hat "Boulloki" {MR+} (Okawaru gifted it to you on level 4 of the Orcish Mines)
 16429 | Orc:4    | Found Poheb's Magic Scroll Emporium.
 16429 | Orc:4    | Found Tuifugg's Magic Scroll Shop.
 16490 | Orc:4    | Found Miohisulywn's Armour Boutique.
 16492 | Orc:4    | Found Taxzio's Weapon Shoppe.
 16537 | Orc:4    | Bought a scroll of identify for 26 gold pieces
 16537 | Orc:4    | Bought a scroll of enchant armour for 97 gold pieces
 16537 | Orc:4    | Bought a scroll of remove curse for 39 gold pieces
 16537 | Orc:4    | Bought a scroll of identify for 26 gold pieces
 16537 | Orc:4    | Bought a scroll of identify for 26 gold pieces
 16537 | Orc:4    | Bought a scroll of magic mapping for 45 gold pieces
 16538 | Orc:4    | Bought a scroll of identify for 30 gold pieces
 16538 | Orc:4    | Bought a scroll of teleportation for 45 gold pieces
 16538 | Orc:4    | Bought a scroll of remove curse for 45 gold pieces
 16538 | Orc:4    | Bought a scroll of remove curse for 45 gold pieces
 16538 | Orc:4    | Bought a scroll of remove curse for 45 gold pieces
 16538 | Orc:4    | Bought a scroll of enchant weapon for 112 gold pieces
 17246 | Lair:1   | Entered Level 1 of the Lair of Beasts
 17453 | Lair:1   | Got a warped marble ring
 17455 | Lair:1   | Identified the ring of Departure {+Fly Stlth+} (You found it on level 1 of the Lair of Beasts)
 18251 | Lair:2   | Got a slimy helmet
 18262 | Lair:2   | Identified the cursed +0 helmet of Vuymuc {*Corrode rElec rPois Dex+3 Slay+2} (You found it on level 2 of the Lair of Beasts)
 18853 | Lair:2   | Gained mutation: You can spit poison. [helix card]
 19023 | Lair:3   | Noticed Urug
 19037 | Lair:3   | Killed Urug
 19233 | Lair:3   | Got a ripped robe
 19244 | Lair:3   | Identified the +1 robe of Pragmatism {rF+ MP+9 SInv} (You found it on level 3 of the Lair of Beasts)
 19384 | Lair:3   | Noticed Psyche
 19415 | Lair:3   | Killed Psyche
 20052 | Lair:4   | Received a gift from Okawaru
 20148 | Lair:4   | Found a hole to the Spider Nest.
 20921 | Lair:5   | Found a staircase to the Shoals.
 21084 | Lair:5   | Reached XP level 16. HP: 108/108 MP: 22/22
 21117 | Lair:5   | Reached skill level 14 in Fighting
 21145 | Lair:5   | Gained mutation: Your mind is acute. (Int +2) [potion of mutation]
 21146 | Lair:5   | Gained mutation: You can translocate small distances at will. [potion of mutation]
 22471 | Lair:6   | Received a gift from Okawaru
 22472 | Lair:6   | Got an ancient scimitar {god gift}
 22473 | Lair:6   | Identified the +0 scimitar of Okawaru's Anger {flame, MR+} (Okawaru gifted it to you on level 6 of the Lair of Beasts)
 22918 | Lair:7   | Got a brightly glowing shield
 22929 | Lair:7   | Identified the +0 shield of Disguise {MR- Int+6} (You found it on level 7 of the Lair of Beasts)
 23129 | Lair:7   | Noticed Rupert
 23165 | Lair:7   | Killed Rupert
 23850 | Lair:8   | Entered Level 8 of the Lair of Beasts
 24106 | Lair:8   | Received a gift from Okawaru
 24420 | Lair:8   | Received a gift from Okawaru
 24530 | Lair:8   | Lost mutation: You have razor-sharp toenails. [evolution]
 24609 | Lair:8   | Got an iridescent glaive
 24610 | Lair:8   | Identified the +6 glaive of the Morning {pain, *Noise rF++} (You found it on level 8 of the Lair of Beasts)
 24614 | Lair:8   | Got an encrusted executioner's axe
 24615 | Lair:8   | Identified the +4 executioner's axe "Jougaem" {freeze, *Noise *Confuse +Rage rElec} (You found it on level 8 of the Lair of Beasts)
 25004 | Lair:8   | Found a staircase to the Slime Pits.
 25156 | Spider:1 | Entered Level 1 of the Spider Nest
 25382 | Spider:1 | Noticed Roxanne
 25406 | Spider:1 | Killed Roxanne
 25416 | Spider:1 | Identified Roxanne's Compendium of the Mutagenic Rocks (You took it off Roxanne on level 1 of the Spider Nest)
 25979 | Spider:1 | Reached XP level 17. HP: 115/115 MP: 23/23
 26445 | Spider:2 | Noticed Jorgrun
 26460 | Spider:2 | Killed Jorgrun
 26465 | Spider:2 | Received a gift from Okawaru
 26590 | Spider:2 | Reached skill level 15 in Fighting
 26917 | Spider:2 | Got a translucent falchion
 26918 | Spider:2 | Identified the +10 falchion of the Moon {freeze, MR+} (You found it on level 2 of the Spider Nest)
 27199 | Spider:3 | Noticed Mara
 27201 | Spider:3 | Noticed Totoro's illusion
 27225 | Spider:3 | Noticed Louise
 27230 | Spider:3 | Killed Mara
 27230 | Spider:3 | Received a gift from Okawaru
 27231 | Spider:3 | Got a heavily runed scale mail {god gift}
 27253 | Spider:3 | Killed Louise
 27272 | Spider:3 | Identified the +5 scale mail "Vaiq" {Dex+2} (Okawaru gifted it to you on level 3 of the Spider Nest)
 27278 | Spider:3 | Got a brightly glowing plate armour
 27289 | Spider:3 | Identified the +9 plate armour of the Pink Corner {Regen+} (You found it on level 3 of the Spider Nest)
 27347 | Spider:3 | Noticed Arachne
 27435 | Spider:3 | Killed Arachne
 27647 | Spider:3 | Lost mutation: You can translocate small distances at will. [evolution]
 28090 | Spider:4 | Entered Level 4 of the Spider Nest
 28384 | Spider:4 | Reached skill level 15 in Armour
 28448 | Spider:4 | Received a gift from Okawaru
 28610 | Spider:4 | Identified a +2 rod of destruction (13/13) (You found it on level 4 of the Spider Nest)
 28639 | Spider:4 | Reached skill level 15 in Shields
 28807 | Spider:4 | Reached XP level 18. HP: 111/123 MP: 2/24
 28869 | Spider:4 | Received a gift from Okawaru
 29078 | Spider:4 | Received a gift from Okawaru
 29102 | Spider:4 | Got a pair of smoking boots {god gift}
 29113 | Spider:4 | Identified the +2 pair of boots "Gaoggeh" {Int+3 SInv} (Okawaru gifted it to you on level 4 of the Spider Nest)
 29132 | Spider:4 | Got a gossamer rune of Zot
 29294 | Spider:1 | Gained mutation: Your spells are a little harder to cast, but a little more powerful. [evolution]
 29384 | Shoals:1 | Entered Level 1 of the Shoals
 29506 | Shoals:1 | Reached skill level 15 in Maces & Flails
 29979 | Shoals:1 | Reached skill level 16 in Fighting
 30755 | Shoals:2 | Noticed Kirke
 30784 | Shoals:2 | Killed Kirke
 31039 | Shoals:2 | Found a burning altar of Makhleb.
 31397 | Shoals:3 | Noticed Aizul
 31541 | Shoals:3 | Killed Aizul
 31546 | Shoals:3 | Gained mutation: You passively map a small area around you. [mutagenic meat]
 31547 | Shoals:3 | Gained mutation: You tend to lose your temper in combat. [mutagenic meat]
 31548 | Shoals:3 | Lost mutation: Your spells are a little harder to cast, but a little more powerful. [mutagenic meat]
 31751 | Shoals:3 | Upgraded the game from 0.17.1-1-g73c8601 to 0.17.1-2-g5865329
 31811 | Shoals:3 | Received a gift from Okawaru
 32169 | Shoals:4 | Entered Level 4 of the Shoals
 32236 | Shoals:4 | Received a gift from Okawaru
 32255 | Shoals:4 | Reached XP level 19. HP: 121/130 MP: 25/25
 32364 | Shoals:4 | Found a frozen archway.
 32407 | IceCv    | Entered an ice cave
 32493 | IceCv    | Got a bloodstained ring mail
 32504 | IceCv    | Identified the +7 ring mail of the First Snow {Int+4 Dex-3 SInv} (You found it in an ice cave)
 32737 | IceCv    | Received a gift from Okawaru
 33022 | IceCv    | Received a gift from Okawaru
 33567 | Shoals:4 | Received a gift from Okawaru
 33567 | Shoals:4 | Reached skill level 10 in Dodging
 33716 | Shoals:4 | Lost mutation: You tend to lose your temper in combat. [potion of mutation]
 33904 | Shoals:4 | Noticed Ilsuiw
 33926 | Shoals:4 | Hired Zorug the orc knight for 706 gold.
 33937 | Shoals:4 | Banished Ilsuiw
 34086 | Shoals:4 | Got a barnacled rune of Zot
 34099 | Shoals:4 | Received a gift from Okawaru
 34100 | Shoals:4 | Got a translucent scale mail {god gift}
 35195 | Elf:1    | Entered Level 1 of the Elven Halls
 35695 | Elf:1    | Identified the +6 scale mail of Blue Skies {-Tele rPois rN+ Dex+3} (Okawaru gifted it to you on level 4 of the Shoals)
 35721 | Elf:1    | Identified a +2 pair of boots of running (You found it on level 1 of the Elven Halls)
 36143 | Elf:2    | Noticed Donald
 36158 | Elf:2    | Killed Donald
 36158 | Elf:2    | Reached skill level 17 in Fighting
 36343 | Elf:2    | Found a huge runed gate.
 36343 | Elf:2    | Found a huge runed gate.
 36343 | Elf:2    | Found a huge runed gate.
 36343 | Elf:2    | Found a huge runed gate.
 36343 | Elf:2    | Found a huge runed gate.
 36416 | Elf:2    | Cast into the Abyss (a deep elf demonologist)
 36438 | Abyss:1  | Found a corrupted altar of Lugonu.
 36446 | Abyss:1  | Gained mutation: Your muscles are strong. (Str +2) [potion of mutation]
 36446 | Abyss:1  | Gained mutation: Your skin changes colour to match your surroundings (Stealth). [potion of mutation]
 36652 | Abyss:2  | Noticed a bone dragon
 36659 | Abyss:2  | Reached XP level 20. HP: 135/138 MP: 26/26
 36688 | Abyss:2  | Killed a bone dragon
 36709 | Abyss:2  | Found a corrupted altar of Lugonu.
 36750 | Abyss:2  | Received a gift from Okawaru
 37126 | Elf:2    | Escaped the Abyss
 37148 | Elf:2    | Received a gift from Okawaru
 37382 | Elf:2    | Found a roughly hewn altar of Beogh.
 37636 | Elf:2    | Cast into the Abyss (hand axe of distortion)
 37706 | Abyss:1  | Found a corrupted altar of Lugonu.
 37716 | Abyss:1  | Found a corrupted altar of Lugonu.
 38032 | Abyss:1  | Found a corrupted altar of Lugonu.
 38120 | Abyss:1  | Gained mutation: You tend to lose your temper in combat. [a neqoxec]
 38192 | Elf:2    | Escaped the Abyss
 38402 | Elf:2    | Received a gift from Okawaru
 38533 | Elf:3    | Entered Level 3 of the Elven Halls
 38746 | Elf:3    | Gained mutation: Your mind is very acute. (Int +4) [mutagenic meat]
 38829 | Elf:3    | Received a gift from Okawaru
 38922 | Elf:3    | Was placed under penance by Okawaru
 38929 | Elf:3    | Cast into the Abyss (Zorug)
 38966 | Elf:3    | Escaped the Abyss
 38980 | Elf:3    | Was forgiven by Okawaru
 38988 | Elf:3    | Shot with an arrow by a deep elf master archer

Action                   |  1- 3 |  4- 6 |  7- 9 | 10-12 | 13-15 | 16-18 | 19-21 || total
-------------------------+-------+-------+-------+-------+-------+-------+-------++-------
Melee: Mace              |   132 |   265 |   550 |   673 |       |       |       ||  1620
       Eveningstar       |       |       |       |   222 |  1859 |  1866 |   690 ||  4637
       Demon whip        |       |       |       |       |       |   397 |       ||   397
       Flail             |       |       |       |       |       |    72 |       ||    72
       Unarmed           |       |       |       |       |       |     3 |       ||     3
       Morningstar       |       |       |       |       |       |       |   641 ||   641
       Double sword      |       |       |       |       |       |       |    77 ||    77
Throw: Throwing net      |       |     6 |     1 |       |       |       |       ||     7
       Javelin           |       |       |       |    56 |   122 |   114 |       ||   292
       Tomahawk          |       |       |       |       |     3 |       |       ||     3
Invok: Heroism           |       |       |     2 |     6 |     6 |    11 |     8 ||    33
       Finesse           |       |       |       |     1 |     5 |     8 |     3 ||    17
 Abil: Spit Poison       |       |       |       |     3 |     1 |     5 |       ||     9
       Fly               |       |       |       |       |     1 |       |       ||     1
       Stop Flying       |       |       |       |       |       |       |     1 ||     1
Evoke: Wand              |       |       |    31 |    42 |    93 |    10 |     3 ||   179
       Deck              |       |       |       |       |     2 |     4 |     2 ||     8
       Fan of gales      |       |       |       |       |       |     3 |       ||     3
       Box of beasts     |       |       |       |       |       |     2 |     2 ||     4
       Disc of storms    |       |       |       |       |       |       |     1 ||     1
  Use: Scroll            |     5 |     5 |     8 |     9 |    27 |    25 |     7 ||    86
       Potion            |     3 |     1 |     3 |     1 |     3 |     6 |     9 ||    26
 Stab: Held in net/web   |       |       |     1 |       |       |       |       ||     1
       Distracted        |       |       |       |       |       |     1 |     4 ||     5
  Eat: Chunk             |     1 |     7 |    14 |    26 |    33 |    36 |    20 ||   137
       Beef jerky        |       |       |     1 |     2 |     1 |       |     5 ||     9
       Royal jelly       |       |       |       |     2 |     1 |     2 |       ||     5
       Meat ration       |       |       |       |     1 |       |       |       ||     1
       Fruit             |       |       |       |     1 |     4 |     9 |     1 ||    15
       Pizza             |       |       |       |       |     2 |     1 |       ||     3
       Bread ration      |       |       |       |       |       |       |     1 ||     1
